 Dungeon Crawl Stone Soup version 0.20.1-1-g8b1a95d (webtiles) character file.

11 letownia2 the Grave Robber (level 2, -2/22 HPs)
             Began as a Deep Dwarf Necromancer on Nov 28, 2017.
             Slain by an orc priest
             ... wielding a +0 flail
              (3 damage)
             ... on level 2 of the Dungeon.
             The game lasted 00:00:53 (399 turns).

letownia2 the Grave Robber (Deep Dwarf Necromancer)  Turns: 399, Time: 00:00:54

Health: -2/22      AC:  2    Str: 11    XL:     2   Next: 17%
Magic:  2/5        EV: 12    Int: 15    God:
Gold:   25         SH:  0    Dex: 13    Spells: 4/5 levels left

rFire    . . .     SeeInvis .   (no weapon)
rCold    . . .     Gourm    .   (no shield)
rNeg     . . .     Faith    .   a - +0 robe
rPois    .         Spirit   .   (no helmet)
rElec    .         Reflect  .   (no cloak)
rCorr    .         Harm     .   (no gloves)
MR       .....                  (no boots)
Stlth    ++........             (no amulet)
Regen    0.0/turn               (no ring)
MPRegen  0.1/turn               (no ring)

@: very slightly contaminated, non-regenerating
A: damage resistance, heal wounds, sense surroundings 1, no regeneration
a: Heal Wounds


You were on level 2 of the Dungeon.
You were not hungry.

You visited 1 branch of the dungeon, and saw 3 of its levels.

You collected 25 gold pieces.

Inventory:

Armour
 a - a +0 robe (worn)
Scrolls
 d - a scroll of remove curse {unknown}
Books
 b - a book of Necromancy

   Spells                             Type                      Level
   a - Pain                           Necromancy                   1
   b - Animate Skeleton               Necromancy                   1
   c - Vampiric Draining              Necromancy                   3
   d - Regeneration                   Charms/Necromancy            3
   e - Animate Dead                   Necromancy                   4
   f - Control Undead                 Necromancy                   4
Comestibles
 c - a bread ration
 f - 2 chunks of flesh


   Skills:
 - Level 2.1 Dodging
 - Level 2.4 Stealth
 + Level 2.1 Spellcasting
 + Level 4.7 Necromancy


You had 4 spell levels left.
You knew the following spells:

 Your Spells              Type           Power        Failure   Level  Hunger
a - Pain                  Necr           ###.         3%          1    #......


Dungeon Overview and Level Annotations

Branches:
Dungeon (3/15)

Altars:
Sif Muna


Innate Abilities, Weirdness & Mutations

You are resistant to damage.
You can heal yourself by infusing magical energy.
You passively map a small area around you.
You do not regenerate.


Message History

Nothing appears to happen.
The orc priest hits you with a flail! The orc hits you with a short sword.
* * * LOW HITPOINT WARNING * * *
Casting: Pain
Confirm with . or Enter, or press ? or * to list all spells.
Aiming: Pain
Press: ? - help, Shift-Dir - straight line, f/p - orc priest
Aim: an orc priest, wielding a flail and wearing a leather armour (chance to defeat MR: 73%)
The orc priest struggles to resist.
The orc hits you with a club.
* * * LOW HITPOINT WARNING * * *
The orc hits you with a short sword.
* * * LOW HITPOINT WARNING * * *
Casting: Pain
Confirm with . or Enter, or press ? or * to list all spells.
Aiming: Pain
Press: ? - help, Shift-Dir - straight line, f/p - orc priest
Aim: an orc priest, wielding a flail and wearing a leather armour (chance to defeat MR: 73%)
The orc priest writhes in agony!
The orc hits you but does no damage. The orc priest hits you with a flail.
You die...

* ##....#.#...# ,
##...........# * ,
##....#....##.# ,
,,#....#.#....#.#
,#...#._.#.#.#.#**,
, #....#.#..#...# ,
,,+.....#.......#
,, ,
#.........##oo### *
#...#########@o.# *
, *#.### #####
####'## * , ,
......#######
............# ,
......#.....# * ,
......#.....# , ,
......#.....# *,
#######.....# , ,


You could see an orc priest and 2 orcs.

Vanquished Creatures
  An ooze (D:2)
  A leopard gecko (D:1)
  A giant cockroach (D:2)
  A goblin (D:2)
  A hobgoblin (D:2)
  A frilled lizard (D:1)
6 creatures vanquished.

Notes
Turn   | Place    | Note
-------+----------+-------------------------------------------
     0 | D:1      | letownia2 the Deep Dwarf Necromancer began the quest for the Orb.
     0 | D:1      | Reached XP level 1. HP: 15/15 MP: 3/3
    94 | D:2      | Found a deep blue altar of Sif Muna.
   273 | D:2      | Found a faded altar of an unknown god.
   299 | D:2      | Reached XP level 2. HP: 16/22 MP: 0/5
   398 | D:2      | HP: 1/22 [orc/short sword (4)]
   399 | D:2      | Slain by an orc priest

Skill      XL: |  1 |
---------------+----+-----
Spellcasting   | 2 |  2.1
Dodging        | |  2.1
Stealth        | |  2.4
Necromancy     | |  4.7

Action                   || total
-------------------------++-------
Melee: Unarmed           ||     3
 Cast: Pain              ||    20
Armor: Robe              ||     1
Dodge: Dodged            ||     6
